 Dungeon Crawl Stone Soup version 0.32-a0-560-g4c7f4391e0 (webtiles) character file.

Game seed: 4719206754268904726

15561 jasper the Warrior (level 12, -5/141 HPs)
             Began as an Oni Cinder Acolyte on Feb 29, 2024.
             Was an Initiate of Ignis.
             Slain by an elephant (16 damage)
             ... on level 1 of the Lair of Beasts.
             The game lasted 00:17:49 (11217 turns).

jasper the Warrior (Oni Cinder Acolyte)            Turns: 11217, Time: 00:17:49

Health: -5/141     AC:  4    Str: 25    XL:     12   Next: 28%
Magic:  13/13      EV: 13    Int: 15    God:    Ignis [......]
Gold:   593        SH:  8    Dex:  4    Spells: 13/13 levels left

rFire   + .          .
                       - Unarmed
rCold   . . .        I - +0 kite shield
rNeg    . . .        b - +0 robe
rPois   +            (helmet restricted)
rElec   .            A - +0 cloak
rCorr   .            (gloves unavailable)
SInv    .            (boots unavailable)
Will    +....        H - amulet of regeneration
Stlth   +            d - +5 ring of evasion
HPRegen 1.23/turn    P - ring of poison resistance
MPRegen 0.13/turn

%: no passive effects
@: no status effects
A: large, unfitting armour, horns 1, tough skin 1, double potion healing,
drunken brawling
a: Renounce Religion, Rising Flame


You were on level 1 of the Lair of Beasts.
You worshipped Ignis.
Ignis was noncommittal.
You visited 2 branches of the dungeon, and saw 12 of its levels.
You also visited: Sewer.

You collected 741 gold pieces.
You spent 148 gold pieces at shops.

Inventory:

Hand Weapons
 a - a +0 spear of flaming
 f - a +0 quick blade
 g - a +0 flail
Missiles
 h - 58 stones
 v - 12 boomerangs (quivered)
 B - 4 throwing nets
 E - 9 large rocks
 L - 2 poisoned darts
Armour
 b - a +0 robe (worn)
 A - a +0 cloak (worn)
 I - a +0 kite shield (worn)
Jewellery
 c - a ring of wizardry
 d - a +5 ring of evasion (left hand)
 e - a +6 ring of dexterity
 n - an amulet of guardian spirit
 s - an amulet of magic regeneration
 G - a ring of see invisible
 H - an amulet of regeneration (around neck)
 P - a ring of poison resistance (right hand)
 R - a +6 ring of dexterity
Talismans
 j - a granite talisman
Wands
 x - a wand of flame (6)
 M - a wand of warping (2)
 N - a wand of paralysis (6)
 Q - a wand of acid (5)
Scrolls
 m - 2 scrolls of revelation
 p - 3 scrolls of amnesia
 q - 6 scrolls of teleportation
 r - 6 scrolls of identify
 y - 2 scrolls of fog
 D - 2 scrolls of blinking
 J - a scroll of immolation {unknown}
Potions
 i - 3 potions of magic
 k - a potion of attraction
 l - 2 potions of degeneration
 o - 2 potions of invisibility
 t - a potion of might
 u - 6 potions of heal wounds
 w - a potion of resistance
 z - a potion of mutation
 C - 5 potions of brilliance
 F - 2 potions of enlightenment
 K - a potion of ambrosia {unknown}
 O - a potion of cancellation {unknown}


   Skills:
 - Level 15.0 Fighting
 - Level 5.5 Polearms
 + Level 7.6 Shields
 + Level 12.0 Unarmed Combat
 - Level 1.2 Spellcasting
 - Level 2.6 Fire Magic


You had 13 spell levels left.
You didn't know any spells.
Your spell library contained the following spells:

 Spells                   Type           Power      Damage    Failure   Level
 Scorch                   Fire           16%        2d5       22%         2
 Foxfire                  Conj/Fire      16%        2x1d4     26%         1
 Summon Small Mammal      Summ           0%         N/A       41%         1
 Cigotuvi's Dreadful Rot  Necr/Alch/Air  0%         N/A       56%         2
 Lesser Beckoning         Tloc           0%         N/A       56%         2
 Call Canine Familiar     Summ           0%         N/A       80%         3
 Gell's Gravitas          Tloc           0%         N/A       80%         3
 Summon Ice Beast         Ice/Summ       0%         N/A       80%         3
 Teleport Other           Tloc           0%         N/A       80%         3
 Summon Blazeheart Golem  Fire/Summ      4%         N/A       95%         4
 Animate Dead             Necr           0%         N/A       99%         4
 Dispel Undead            Necr           0%         3d6       99%         4
 Martyr's Knell           Necr/Summ      0%         N/A       99%         4
 Summon Mana Viper        Hex/Summ       0%         N/A       100%        5
 Death Channel            Necr           0%         N/A       100%        6
 Plasma Beam              Fire/Air       2%         2x1d12    100%        6
 Starburst                Conj/Fire      2%         6d3       100%        6
 Haunt                    Necr/Summ      0%         N/A       100%        7
 Monstrous Menagerie      Summ           0%         N/A       100%        7
 Infestation              Necr           0%         N/A       100%        8


Dungeon Overview and Level Annotations

Branches:
Dungeon (11/15)            Temple (0/1) D:6            Lair (1/5) D:10
    Orc (0/2) D:11          Sewer (visited)

Altars:
Sif Muna
Uskayaw

Shops:
D:3 [   D:4 *   D:5 [   D:6 (   D:11 (

Annotations:
D:8 Jeremiah


Innate Abilities, Weirdness & Mutations

You are too large for most types of armour.
You have a pair of small horns on your head.
You have tough skin. (AC +1)
You gain doubled healing and magic from potions.
Whenever you drink a healing potion, you attack all around you.


Message History

The elephant is severely wounded.
The elephant tramples you but does no damage.
The elephant trunk-slaps you.
* * * LOW HITPOINT WARNING * * *
You take 2 damage, and have 36/141 hp.
You pummel the elephant!!
The elephant is almost dead.
The elephant tramples you!
* * * LOW HITPOINT WARNING * * *
You hold your ground!
The elephant trunk-slaps you but does no damage.
You take 8 damage, and have 28/141 hp.
You punch the elephant!
You kill the elephant!
Your Unarmed Combat skill increases to level 12!
You punch the elephant!
You headbutt the elephant, but do no damage.
The elephant is lightly wounded.
You pummel the elephant!!
You headbutt the elephant, but do no damage.
The elephant is heavily wounded.
You block the elephant's attack. The elephant misses you.
You punch the elephant! You headbutt the elephant.
The elephant is severely wounded.
The elephant tramples you!!
* * * LOW HITPOINT WARNING * * *
You hold your ground!
The elephant barely misses you.
You take 16 damage, and have 15/141 hp.
You hit the elephant. You headbutt the elephant.
The elephant is almost dead.
The elephant tramples you.
* * * LOW HITPOINT WARNING * * *
You hold your ground!
The elephant trunk-slaps you.
* * * LOW HITPOINT WARNING * * *
You take 5 damage, and have 10/141 hp.
You hit the elephant but do no damage.
The elephant is almost dead.
The elephant tramples you!
You die...
Ignis goes out, and joins you in death.

..####..#############
##.........#.# #
#.##.##....####
#######.##.#.## ..
#......... #Y..#####
##...#..#.
#Y.F.$##### #####...#
##Y....### ##.##
#@#......######.##
###.#.........?...
######.#......##
##.....#.##
##..###### #### #


You could see an elephant.

Vanquished Creatures
  2 two-headed ogres
  Pikel (D:8)
  5 elephants (Lair:1)
  A cyclops (D:11)
  A black mamba (Lair:1)
  A gargoyle (D:11)
  An unseen horror (D:11)
  An efreet (D:10)
  A komodo dragon (D:10)
  A rime drake (Lair:1)
  Grinder (D:4)
  Sigmund (D:5)
  2 wraiths
  A shadow (D:11)
  20 yaks
  Grum (D:8)
  A vampire mosquito (D:10)
  Menkaure (D:5)
  Edmund (D:4)
  An acid dragon (D:10)
  3 water moccasins
  2 orc warriors
  Duvessa (D:3)
  2 black bears
  2 sky beasts (D:7)
  2 ice beasts
  8 wolves
  2 lemures (D:8)
  4 centaurs
  A phantom (D:6)
  2 kobold brigands
  7 bullfrogs
  2 gnoll sergeants
  4 scorpions
  6 wights
  Dowan (D:3)
  20 killer bees
  2 howler monkeys
  3 bombardier beetles
  2 jellies (D:7)
  2 quasits (Sewer)
  5 hounds
  8 orc priests
  Crazy Yiuf (D:5)
  An iguana (D:5)
  A sleepcap (D:6)
  14 orc wizards
  Robin (D:3)
  15 gnolls
  6 adders
  5 shadow imps
  4 white imps
  6 ufetubi
  5 ribbon worms
  2 dart slugs (D:3)
  33 orcs
  10 endoplasms
  11 giant cockroaches
  15 goblins
  7 hobgoblins
  26 kobolds
  8 quokkas
  6 ball pythons
  8 bats
  8 frilled lizards
  A kobold zombie (Sewer)
  4 rats
334 creatures vanquished.

Vanquished Creatures (others)
  An orc wizard (D:6)
1 creature vanquished.

Grand Total: 335 creatures vanquished

Notes
Turn   | Place    | Note
-------+----------+-------------------------------------------
     0 | D:1      | jasper the Oni Cinder Acolyte began the quest for the Orb.
     0 | D:1      | Reached XP level 1. HP: 24/24 MP: 2/2
    23 | D:1      | Reached XP level 2. HP: 32/32 MP: 3/3
   227 | D:1      | Reached XP level 3. HP: 39/39 MP: 4/4
   241 | D:1      | Found a faded altar of an unknown god.
   826 | D:2      | Reached XP level 4. HP: 46/49 MP: 5/5
  1096 | D:2      | Found a hide-covered altar of Uskayaw.
  1140 | D:2      | Reached skill level 5 in Fighting
  1142 | D:2      | Reached skill level 5 in Polearms
  1338 | D:2      | Reached XP level 5. HP: 57/57 MP: 6/6
  1756 | D:3      | Noticed Robin
  1788 | D:3      | Killed Robin
  1965 | D:3      | Reached XP level 6. HP: 67/67 MP: 7/7
  1995 | D:3      | Found Necip's Armour Shop.
  2069 | D:3      | Reached skill level 1 in Unarmed Combat
  2082 | D:3      | Reached skill level 6 in Fighting
  2381 | D:4      | Noticed Dowan
  2421 | D:4      | Noticed Duvessa
  2440 | D:3      | Killed Duvessa
  2443 | D:3      | Killed Dowan
  2547 | D:4      | Reached XP level 7. HP: 72/76 MP: 8/8
  2590 | D:4      | Noticed Grinder
  2596 | D:4      | Paralysed by Grinder for 3 turns
  2611 | D:4      | Killed Grinder
  2612 | D:4      | Reached skill level 7 in Fighting
  2773 | D:4      | Noticed Edmund
  2789 | D:4      | Killed Edmund
  2790 | D:4      | Reached skill level 8 in Fighting
  3053 | D:4      | Reached XP level 8. HP: 80/89 MP: 9/9
  3084 | D:4      | Found Cosmel's Assorted Antiques.
  3095 | D:4      | Bought a scroll labelled PIC MOHUTI for 15 gold pieces
  3095 | D:4      | Bought a scroll of identify for 30 gold pieces
  3095 | D:4      | Bought an inky potion for 13 gold pieces
  3095 | D:4      | Bought a scroll of identify for 30 gold pieces
  3095 | D:4      | Bought a short iron wand for 60 gold pieces
  3293 | D:5      | Entered Level 5 of the Dungeon
  3430 | D:5      | Noticed Menkaure
  3445 | D:5      | Killed Menkaure
  3446 | D:5      | Reached skill level 9 in Fighting
  3628 | D:5      | Noticed Sigmund
  3642 | D:5      | Killed Sigmund
  3643 | D:5      | Reached skill level 5 in Unarmed Combat
  3922 | D:5      | Found Pixiurph's Armour Shop.
  4055 | D:5      | Reached skill level 10 in Fighting
  4128 | D:5      | Found a runed translucent door.
  4129 | D:5      | Noticed Crazy Yiuf
  4297 | D:5      | Killed Crazy Yiuf
  4481 | D:6      | Reached XP level 9. HP: 98/102 MP: 10/10
  4518 | D:6      | Found a glowing drain.
  4538 | Sewer    | Entered a sewer
  4637 | Sewer    | Found a burning altar of Makhleb.
  4986 | D:6      | Reached skill level 11 in Fighting
  4997 | D:6      | Found Jooxid's Weapon Boutique.
  5398 | D:6      | Found a staircase to the Ecumenical Temple.
  6312 | D:7      | Reached skill level 12 in Fighting
  6824 | D:7      | Reached XP level 10. HP: 106/118 MP: 9/11
  7385 | D:7      | Found a shimmering blue altar of Sif Muna.
  7573 | D:7      | Reached skill level 13 in Fighting
  7741 | D:8      | Noticed Pikel
  7752 | D:8      | Noticed Grum
  7769 | D:8      | Killed Pikel
  7777 | D:8      | Killed Grum
  8025 | D:8      | Reached skill level 14 in Fighting
  8252 | D:8      | Reached skill level 1 in Shields
  8353 | D:8      | Noticed Jeremiah
  8532 | D:9      | Noticed a two-headed ogre
  8542 | D:9      | Killed a two-headed ogre
  8543 | D:9      | Reached XP level 11. HP: 123/131 MP: 12/12
  8714 | D:9      | Reached skill level 10 in Unarmed Combat
  9032 | D:10     | Entered Level 10 of the Dungeon
  9043 | D:10     | Reached skill level 15 in Fighting
  9875 | D:10     | Found a staircase to the Lair.
 10071 | D:11     | Reached skill level 5 in Shields
 10154 | D:11     | Noticed a two-headed ogre
 10172 | D:11     | Killed a two-headed ogre
 10441 | D:11     | Noticed a cyclops
 10458 | D:11     | Killed a cyclops
 10490 | D:11     | Found a staircase to the Orcish Mines.
 10513 | D:11     | Found Cozao's Weapon Emporium.
 10841 | Lair:1   | Entered Level 1 of the Lair of Beasts
 10923 | Lair:1   | Reached XP level 12. HP: 55/141 MP: 13/13
 11217 | Lair:1   | Slain by an elephant

Illustrated notes

Levels and vault maps discovered:
D:1:      lemuel_arrival_lava_pool, layout_loops_ring,
          chequers_ecumenical_altar_island, minmay_surrounded
D:2:      cheibrodos_pilgrimage, layout_rooms, basic_altar, minmay_pentomino_z4
D:3:      layout_loops_ring, serial_shops, nicolae_shop_tiny_statue_garden,
          minmay_fractal_squares_diagonal_5, uniq_robin
D:4:      layout_cave_pools, serial_shops, shop, uniq_grinder, uniq_edmund,
          uniq_duvessa
D:5:      layout_basic, serial_shops, shop, uniq_crazy_yiuf_cottage,
          uniq_menkaure, uniq_sigmund
D:6:      layout_basic, minmay_temple_entry_wispy, serial_shops,
          nicolae_shop_advertising_works [nicolae_subvault_shop_adworks],
          gup_sewer_entry_pipe, lightli_ossuary_entry_decrepit_ruins,
          st_stairs_5, kennysheep_generic_room_8
D:7:      nicolae_cairo_tiling, layout_loops_ring, kennysheep_mini_moat
D:8:      layout_layer_cave, uniq_jeremiah, uniq_grum, uniq_pikel
D:9:      layout_rooms
D:10:     layout_roguey, david_lair_shrubbed, minmay_bent
D:11:     layout_roguey, orc_0_dummy, serial_shops, shop
Lair:1:   layout_misc_corridors, infiniplex_staircase_pool_2, uniq_sonja,
          uniq_erica

Skill      XL: |  1  2  3  4  5  6  7  8  9 10 11 12 |
---------------+-------------------------------------+-----
Polearms       | 4 5 |  5.5
Fighting       | 5 6 8 10 12 14 15 | 15.0
Unarmed Combat | 2 4 6 8 9 11 12 | 12.0
Shields        | 3 6 7 |  7.6
Spellcasting   | |  1.2
Fire Magic     | |  2.6

Action                     |  1- 3 |  4- 6 |  7- 9 | 10-12 || total
---------------------------+-------+-------+-------+-------++-------
  Melee: Spear             |    67 |   150 |    19 |       ||   236
         Headbutt          |     7 |    28 |    73 |   117 ||   225
         Unarmed           |       |       |   362 |   525 ||   887
         Punch             |       |       |    15 |     5 ||    20
  Throw: Boomerang         |     6 |    17 |    34 |    36 ||    93
         Stone             |     4 |       |       |       ||     4
 Invoke: Fiery Armour      |     1 |     3 |     6 |     3 ||    13
    Use: Scroll            |     3 |     8 |    10 |       ||    21
         Potion            |       |       |     3 |     1 ||     4
   Stab: Distracted        |       |       |       |     1 ||     1
 Armour: Robe              |    11 |    64 |   222 |   381 ||   678
  Dodge: Dodged            |    30 |    97 |   278 |   304 ||   709
  Block: Kite shield       |       |       |       |   151 ||   151

Table legend: (Time is in decaauts)
 A = Elapsed time spent in this place.
 B = Non-inter-level travel time spent in this place.
 C = Inter-level travel time spent in this place.
 D = Time resting spent in this place.
 E = Time spent auto-exploring this place.
 F = Levels seen in this place.
 G = Mean time per level.
                   A        B        C        D        E       F      G
               +--------+--------+--------+--------+--------+-----+--------+
         Total |  11134 |  10771 |    363 |    498 |   7701 |  13 |  856.5 |
       Dungeon |  10539 |  10177 |    362 |    479 |   7405 |  11 |  958.1 |
          Lair |    234 |    234 |      0 |     19 |    101 |   1 |  234.0 |
         Sewer |    360 |    360 |      0 |      0 |    195 |   1 |  360.0 |
               +--------+--------+--------+--------+--------+-----+--------+

Top non-repeatable levels by time:
     D:6: 1463 daAuts
     D:7: 1412 daAuts
     D:3: 1120 daAuts
    D:10: 1108 daAuts
     D:5: 1033 daAuts
    D:11: 818 daAuts
     D:4: 774 daAuts
     D:8: 757 daAuts
     D:1: 735 daAuts
     D:9: 682 daAuts
     D:2: 632 daAuts
   Sewer: 360 daAuts
  Lair:1: 234 daAuts
